 Dungeon Crawl Stone Soup version 0.27-a0-1202-ge72e49191c (webtiles) character file.

Game seed: 13877142905848579988

22734 gruber the Thaumaturge (level 13, 0/93 HPs)
             Began as a Djinni Fire Elementalist on May 26, 2021.
             Was a Priest of Makhleb.
             Slain by a meliai
             ... wielding a +0 hand axe
              (5 damage)
             ... on level 15 of the Dungeon on June 3, 2021.
             The game lasted 00:27:57 (14514 turns).

gruber the Thaumaturge (Djinni Fire Elementalist)  Turns: 14514, Time: 00:27:57

Health: 0/93       AC:  7    Str:  7    XL:     13   Next: 29%
Gold:   1071       EV: 13    Int: 22    God:    Makhleb [***...] SH:  5 Dex: 14

rFire    + + .     SeeInvis .   E - +4 scimitar (freeze)
rCold    x . .     Faith    .   M - +0 buckler
rNeg     + . .     Spirit   .   J - +0 troll leather armour
rPois    ∞         Reflect  .   (no helmet)
rElec    .         Harm     .   k - +0 cloak
rCorr    .         Rampage  .   y - +0 pair of gloves
Will     +....                  (boots unavailable)
Stlth    ++........             p - amulet of regeneration
HPRegen  2.25/turn              n - ring of positive energy
MPRegen  0.00/turn              (no ring)

@: marked, flying
A: sickness immunity, fire resistance 2, cold vulnerability 1, float, innate
caster, hp casting, extra vitality 1
a: Renounce Religion, Minor Destruction, Lesser Servant of Makhleb


You were on level 15 of the Dungeon.
You worshipped Makhleb.
Makhleb was most pleased with you.
You visited 2 branches of the dungeon, and saw 15 of its levels.
You also visited: Bailey.

You collected 1279 gold pieces.
You spent 208 gold pieces at shops.

Inventory:

Hand Weapons
 q - a +4 mace of freezing
 A - the +4 hand axe of Insomnia {flame, +Rage rN+ Will- Str+4}
   (You bought it in a shop on level 6 of the Dungeon)

   It has been specially enchanted to burn those struck by it, causing extra
   injury to most foes and up to half again as much damage against particularly
   susceptible opponents.
   Big, fiery blades are also staple armaments of hydra-hunters.
   It affects your strength (+4).
   It protects you from negative energy.
   It lets you go berserk.
   It decreases your willpower.
 E - a +4 scimitar of freezing (weapon)
Missiles
 x - 4 atropa-tipped darts
 D - 4 boomerangs of dispersal
 H - a throwing net
Armour
 k - a +0 cloak (worn)
 r - a +1 robe of willpower
 y - a +0 pair of gloves (worn)
 J - a +0 troll leather armour (worn)
 M - a +0 buckler (worn)
Jewellery
 n - a ring of positive energy (left hand)
 p - an amulet of regeneration (around neck)
Wands
 i - a wand of digging (5)
 t - a wand of mindburst (45)
 u - a wand of flame (22)
Scrolls
 a - 2 scrolls of summoning {unknown}
 c - 4 scrolls of brand weapon {unknown}
 e - 4 scrolls of enchant weapon {unknown}
 h - a scroll of acquirement {unknown}
 j - 3 scrolls of teleportation {unknown}
 m - 9 scrolls of identify {unknown}
 s - a scroll of amnesia {unknown}
 v - 2 scrolls of blinking {unknown}
 w - 2 scrolls of fear {unknown}
 I - a scroll of enchant armour {unknown}
 K - a scroll of silence
 L - a scroll of immolation {unknown}
Potions
 b - 4 potions of cancellation {unknown}
 d - 2 potions of ambrosia {unknown}
 f - 3 potions of flight {unknown}
 g - 3 potions of curing
 l - 2 potions of lignification {unknown}
 o - a potion of mutation {unknown}
 z - 2 potions of might {unknown}
 B - 3 potions of haste {unknown}
 F - a potion of magic {unknown}
 G - 9 potions of degeneration
Miscellaneous
 C - a lightning rod (4/4)


   Skills:
 - Level 8.6 Fighting
 - Level 0.1(0.2) Short Blades
 - Level 0.1 Long Blades
 - Level 0.4(0.5) Polearms
 - Level 0.3(0.5) Staves
 - Level 0.3 Slings
 - Level 0.4 Bows
 - Level 0.3 Crossbows
 - Level 5.3 Armour
 - Level 6.1 Dodging
 - Level 1.5 Stealth
 * Level 6.2 Shields
 - Level 13.0 Spellcasting


You had 5 spell levels left.
You knew the following spells:

 Your Spells              Type           Power      Damage    Failure   Level
a - Foxfire               Conj/Fire      100%       2x1d9     1%          1
b - Conjure Flame         Conj/Fire      64%        6-21      1%          3
c - Inner Flame           Hex/Fire       64%        N/A       1%          3
d - Sticky Flame          Conj/Fire      64%        2d8       1%          4
e - Fireball              Conj/Fire      32%        3d14      1%          5
f - Summon Small Mammal   Summ           100%       N/A       1%          1
g - Ensorcelled Hibernat  Hex/Ice        100%       N/A       1%          2
h - Blink                 Tloc           N/A        N/A       1%          2
i - Lesser Beckoning      Tloc           32%        N/A       1%          3
j - Summon Lightning Spi  Summ/Air       64%        N/A       1%          4
k - Iskenderun's Battles  Conj           64%        2d11      1%          5
Your spell library was empty.

Dungeon Overview and Level Annotations

Branches:
Dungeon (13/15)            Temple (1/1) D:7            Lair (0/6) D:8
    Orc (0/2) D:10         Bailey (visited)
 Vaults: D:13-14

Altars:
Ashenzari
Cheibriados
Dithmenos
Elyvilon
Fedhas
Gozag
Hepliaklqana
Kikubaaqudgha
Makhleb
Nemelex Xobeh
Ru
Sif Muna
Trog
Uskayaw
Vehumet
Wu Jian
Xom
Yredelemnul
Zin
The Shining One

Shops:
D:6 (   D:9 *


Innate Abilities, Weirdness & Mutations

You are immune to sickness and miasma.
You are immune to poison.
Your flesh is very heat resistant. (rF++)
You are vulnerable to cold. (rC-)
You float through the air rather than walking.
You learn spells naturally, not from books.
Your magical power is your life essence.
You have superior vitality. (+4 HP)


Message History

You blink.
You set off the alarm!
The alarm trap emits a blaring wail!
A sentinel's mark forms upon you.
You hear a shout! x4; You hear a horrible gurgling sound! x5
The meliai barely misses you. The meliai stings you.
You block the meliai's attack. The meliai barely misses you.
The deep elf pyromancer mumbles some strange words.
The deep elf pyromancer blinks!
You hear two shouts!
You hear a shout!
You hear two shouts!
Unknown command.
Unknown command.
Casting: Blink (safe; 1% risk of failure)
Confirm with . or Enter, or press ? or * to list all spells.
Aiming: Sticky Flame (safe; 1% risk of failure)
Press: ? - help, Shift-Dir - straight line, f - meliai
Aim: a meliai, wielding a +0 hand axe and wearing a +0 robe (100% to hit)
The sticky flame hits the meliai.
The meliai is lightly wounded.
The meliai is covered in liquid flames!
The meliai burns!
The meliai hits you but does no damage. The meliai stings you.
You block the meliai's attack. The meliai stings you!
* * * LOW HITPOINT WARNING * * *
You hear a grinding noise.
Unknown command.
Unknown command.
Casting: Sticky Flame (safe; 1% risk of failure)
Confirm with . or Enter, or press ? or * to list all spells.
You blink.
* * * LOW HITPOINT WARNING * * *
The meliai burns!
The meliai calls down the wrath of its god upon you.
Something smites you!
* * * LOW HITPOINT WARNING * * *
The meliai calls upon its god to heal the meliai.
The meliai is healed somewhat.
The deep elf pyromancer mumbles some strange words.
The meliai hits you with a +0 hand axe.
* * * LOW HITPOINT WARNING * * *
The meliai stings you.
You die...

## .
##############.#
#.......°E☼○.#.#####
#)##########E.......
##########E#.###..
#).8..EQe§E..#
#.###.####@### #)#
#☼# ##y#####.# #.#
#e# #(y....... #)#
#y###..#####.. #.#
#eQ.#.y. ###
#y..#.(.#
#..........
#.#.#.......
..#.........#


You could see a tengu warrior, a deep elf pyromancer, 4 fire elementals, 3
meliai and a friendly lightning spire (summoned).

Vanquished Creatures
  An ettin (D:15)
  Snorg (D:11)
  4 hydras
  A catoblepas (D:13)
  5 two-headed ogres
  A tengu warrior (D:13)
  Urug (D:11)
  2 wizards
  A deep elf zephyrmancer (D:10)
  An orc knight (Bailey)
  A deep elf pyromancer (D:10)
  A cyclops (D:12)
  Maurice (D:11)
  A gargoyle (D:12)
  2 komodo dragons
  3 trolls
  Sigmund (D:3)
  A shadow (D:13)
  A wraith (D:12)
  20 yaks
  A steam dragon (D:6)
  3 water moccasins
  A swamp drake (D:10)
  A necrophage (D:5)
  2 black bears (D:6)
  10 orc warriors
  3 ice beasts
  An ogre (D:6)
  2 centaurs
  3 bullfrogs
  2 scorpions (D:5)
  6 gnoll sergeants
  14 wights
  2 howler monkeys (D:8)
  3 centaur zombies
  A bullfrog zombie (D:6)
  9 hounds
  10 orc priests
  A bullfrog skeleton (D:5)
  A centaur skeleton (D:7)
  A gnoll shaman (D:9)
  Crazy Yiuf (D:2)
  Terence (D:3)
  5 iguanas
  12 orc wizards
  Ijyb (D:3)
  Robin (D:3)
  23 gnolls
  A howler monkey skeleton (D:7)
  8 adders
  2 shadow imps
  An ufetubus (D:5)
  2 worms
  4 dart slugs
  47 orcs
  10 endoplasms
  7 giant cockroaches
  19 goblins
  11 hobgoblins
  5 jackals (D:9)
  4 quokkas
  11 ball pythons
  4 bats
  9 frilled lizards
  16 kobolds (Bailey)
  7 rats
339 creatures vanquished.

Vanquished Creatures (collateral kills)
  A deep elf pyromancer (D:15)
  A gargoyle (D:13)
  An efreet (D:12)
  A basilisk (D:12)
4 creatures vanquished.

Vanquished Creatures (others)
  A deep elf pyromancer (D:15)
  A goblin (D:3)
  1332 foxfires
  A fungus (D:2)
  13 plants
1348 creatures vanquished.

Grand Total: 1691 creatures vanquished

Notes
Turn   | Place    | Note
-------+----------+-------------------------------------------
     0 | D:1      | gruber the Djinni Fire Elementalist began the quest for the
                  | Orb.
     0 | D:1      | Reached XP level 1. HP: 15/15 MP: 0/0
   388 | D:1      | Reached XP level 2. HP: 13/21 MP: 0/0
   692 | D:1      | Reached skill level 3 in Spellcasting
  1159 | D:1      | Found a faded altar of an unknown god.
  1320 | D:1      | Reached XP level 3. HP: 21/25 MP: 0/0
  1320 | D:1      | Learned a level 1 spell: Summon Small Mammal
  2404 | D:2      | Reached XP level 4. HP: 30/31 MP: 0/0
  2893 | D:2      | Found a runed translucent door.
  2894 | D:2      | Noticed Crazy Yiuf
  2918 | D:2      | Killed Crazy Yiuf
  2919 | D:2      | Reached skill level 4 in Spellcasting
  3012 | D:3      | Reached XP level 5. HP: 31/35 MP: 0/0
  3012 | D:3      | Learned a level 2 spell: Ensorcelled Hibernation
  3173 | D:3      | Noticed Robin
  3180 | D:3      | Killed Robin
  3394 | D:3      | Noticed Ijyb
  3450 | D:3      | Noticed Sigmund
  3610 | D:3      | Killed Ijyb
  3611 | D:3      | Reached XP level 6. HP: 12/40 MP: 0/0
  3831 | D:3      | Killed Sigmund
  3832 | D:3      | Reached skill level 5 in Spellcasting
  3832 | D:3      | Reached XP level 7. HP: 10/45 MP: 0/0
  3832 | D:3      | Learned a level 2 spell: Blink
  4094 | D:3      | Noticed a water moccasin
  4113 | D:3      | Killed a water moccasin
  4114 | D:3      | Reached skill level 6 in Spellcasting
  4753 | D:3      | Noticed Terence
  4769 | D:3      | Killed Terence
  5273 | D:4      | Reached XP level 8. HP: 49/50 MP: 0/0
  5503 | D:4      | Reached skill level 7 in Spellcasting
  5754 | D:5      | Entered Level 5 of the Dungeon
  5810 | D:5      | Reached skill level 1 in Fighting
  6214 | D:5      | Found a snail-covered altar of Cheibriados.
  6638 | D:6      | Found an ornate altar of the Wu Jian Council.
  6686 | D:6      | Reached skill level 5 in Fighting
  6691 | D:6      | Reached XP level 9. HP: 25/66 MP: 0/0
  6691 | D:6      | Learned a level 3 spell: Lesser Beckoning
  6856 | D:6      | Found a sand-covered staircase.
  7038 | D:6      | Reached skill level 5 in Dodging
  7434 | D:6      | Found Biamamp's Antique Weapon Shoppe.
  7439 | D:6      | Bought a crude hand axe for 208 gold pieces
  7439 | D:6      | Identified the +4 hand axe of Insomnia {flame, +Rage rN+
                  | Will- Str+4} (You bought it in a shop on level 6 of the
                  | Dungeon)
  7439 | D:6      | Upgraded the game from 0.27-a0-1193-g8631133539 to
                  | 0.27-a0-1200-g94dc6ad4cf
  8080 | D:7      | Found a staircase to the Ecumenical Temple.
  8149 | D:7      | Found a flagged portal.
  8158 | Bailey   | Entered a bailey
  8265 | Bailey   | Noticed an orc knight
  8296 | Bailey   | Reached skill level 8 in Spellcasting
  8296 | Bailey   | Reached XP level 10. HP: 59/72 MP: 0/0
  8348 | Bailey   | Killed an orc knight
  8929 | D:7      | Noticed a komodo dragon
  8970 | D:7      | Killed a komodo dragon
  8971 | D:7      | Reached skill level 9 in Spellcasting
  9471 | Temple   | Entered the Ecumenical Temple
  9549 | Temple   | Became a worshipper of Makhleb the Destroyer
  9749 | D:8      | Found a staircase to the Lair.
  9749 | D:8      | Noticed a komodo dragon
  9904 | D:8      | Reached skill level 10 in Spellcasting
 10301 | D:8      | Killed a komodo dragon
 10488 | D:9      | Reached * piety under Makhleb
 10551 | D:9      | Reached XP level 11. HP: 55/76 MP: 0/0
 10551 | D:9      | Learned a level 4 spell: Summon Lightning Spire
 10703 | D:9      | Reached skill level 11 in Spellcasting
 10864 | D:9      | Found Cijiesk's General Store.
 10984 | D:9      | Reached ** piety under Makhleb
 11337 | D:10     | Entered Level 10 of the Dungeon
 11344 | D:10     | Noticed a deep elf pyromancer
 11356 | D:10     | Noticed a deep elf zephyrmancer
 11363 | D:10     | Killed a deep elf pyromancer
 11370 | D:10     | Killed a deep elf zephyrmancer
 11424 | D:10     | Noticed a wizard
 11430 | D:10     | Killed a wizard
 11588 | D:10     | Found a staircase to the Orcish Mines.
 11600 | D:10     | Noticed a two-headed ogre
 11631 | D:10     | Killed a two-headed ogre
 11632 | D:10     | Reached skill level 12 in Spellcasting
 11794 | D:10     | Reached skill level 1 in Armour
 11941 | D:10     | Noticed a two-headed ogre
 11946 | D:10     | Killed a two-headed ogre
 11947 | D:10     | Reached XP level 12. HP: 71/83 MP: 0/0
 12227 | D:10     | Identified Hifad's Volume of Sand
 12398 | D:10     | Reached skill level 5 in Armour
 12549 | D:11     | Noticed a two-headed ogre
 12618 | D:10     | Upgraded the game from 0.27-a0-1200-g94dc6ad4cf to
                  | 0.27-a0-1202-ge72e49191c
 12692 | D:11     | Noticed Urug
 12717 | D:11     | Killed Urug
 12726 | D:11     | Noticed a seven-headed hydra
 12728 | D:11     | Noticed Snorg
 12766 | D:11     | Killed Snorg
 12780 | D:11     | Killed a seven-headed hydra
 12949 | D:11     | Killed a two-headed ogre
 13103 | D:11     | Noticed Maurice
 13107 | D:11     | Killed Maurice
 13108 | D:11     | Reached skill level 13 in Spellcasting
 13354 | D:12     | Noticed a six-headed hydra
 13357 | D:12     | Killed a six-headed hydra
 13391 | D:12     | Reached *** piety under Makhleb
 13401 | D:12     | Noticed an eight-headed hydra
 13406 | D:12     | Killed an eight-headed hydra
 13729 | D:12     | Noticed a two-headed ogre
 13732 | D:12     | Killed a two-headed ogre
 13826 | D:12     | Noticed a two-headed ogre
 13829 | D:12     | Killed a two-headed ogre
 13830 | D:12     | Reached XP level 13. HP: 89/93 MP: 0/0
 13830 | D:12     | Learned a level 5 spell: Iskenderun's Battlesphere
 14142 | D:13     | Noticed a catoblepas
 14150 | D:13     | Killed a catoblepas
 14311 | D:13     | Noticed a four-headed hydra
 14322 | D:13     | Killed a four-headed hydra
 14355 | D:13     | You are sucked into a shaft and drop 2 floors!
 14355 | D:15     | Entered Level 15 of the Dungeon
 14356 | D:15     | Noticed an ettin
 14365 | D:15     | Reached skill level 5 in Shields
 14375 | D:15     | Killed an ettin
 14514 | D:15     | Slain by a meliai

Illustrated notes

Levels and vault maps discovered:
D:1:      beargit_arrival_greenhouse, layout_rooms,
          shapermc_ecumenical_altar_mp_vishouse, corexii_item_surrounded_by_moat
D:2:      layout_basic, uniq_crazy_yiuf_cottage
D:3:      layout_loops_ring, kennysheep_generic_room_7, uniq_sigmund, uniq_ijyb,
          uniq_robin, uniq_terence
D:4:      layout_basic
D:5:      layout_loops_ring, cheibrodos_worm_habitat, minmay_bent
D:6:      layout_basic, amcnicky_altar_gilded, serial_shops, shop,
          enter_ossuary_2, grunt_ministairs_11
D:7:      layout_loops_ring, minmay_temple_entry_antechambers, enter_bailey_2,
          fountainhead, minmay_lizard_king
D:8:      layout_loops_ring, david_lair_shrubbed
D:9:      layout_cross, serial_gnoll_camp, gnoll_camp_mini_house,
          gnoll_camp_mini_doghouse, gnoll_camp_mini_hut, gnoll_camp_huts_basic,
          gnoll_camp_mini_hut, gnoll_camp_mini_house, serial_shops,
          shop_fountains
D:10:     layout_basic, erik_orc_1, bh_hangedman_babel_library
D:11:     layout_basic, uniq_maurice, uniq_urug, uniq_snorg
D:12:     layout_roguey
D:13:     layout_roguey, minmay_quadrilaterals
D:15:     hangedman_depths_entry_civil_slaughter, layout_loops_ring,
          chequers_arboretum, uniq_jorgrun, uniq_josephine
Temple:   regret_index_temple_chain_breaker

Skill      XL: |  1  2  3  4  5  6  7  8  9 10 11 12 13 |
---------------+----------------------------------------+-----
Spellcasting   | 3 4 5 6 7 8 10 12 13 | 13.0
Fighting       | 5 6 8 |  8.6
Dodging        | 6 |  6.1
Armour         | 4 5 |  5.3
Shields        | 6 |  6.2
Short Blades   | |  0.1
Long Blades    | |  0.1
Polearms       | |  0.4
Staves         | |  0.3
Slings         | |  0.3
Bows           | |  0.4
Crossbows      | |  0.3
Stealth        | |  1.5

Action                   |  1- 3 |  4- 6 |  7- 9 | 10-12 | 13-15 || total
-------------------------+-------+-------+-------+-------+-------++-------
Melee: Unarmed           |     2 |       |       |       |       ||     2
       Dagger            |     5 |    17 |     8 |       |       ||    30
       Mace              |       |       |    79 |    19 |       ||    98
       Scimitar          |       |       |       |    44 |     1 ||    45
 Cast: Foxfire           |   124 |    59 |   232 |   359 |    12 ||   786
       Sticky Flame      |       |     2 |    29 |    44 |     8 ||    83
       Summon Small Mamm |       |       |       |     7 |       ||     7
       Fireball          |       |       |       |    79 |    13 ||    92
       Ensorcelled Hiber |       |       |       |     3 |       ||     3
       Conjure Flame     |       |       |       |     1 |       ||     1
       Blink             |       |       |       |     7 |     5 ||    12
       Summon Lightning  |       |       |       |     2 |     7 ||     9
       Iskenderun's Batt |       |       |       |       |     2 ||     2
  Use: Scroll            |       |       |       |     1 |       ||     1
       Potion            |       |       |       |     3 |       ||     3
 Stab: Sleeping          |       |       |     5 |       |       ||     5
       Distracted        |       |       |     1 |       |       ||     1
Armor: Robe              |       |     5 |    39 |    31 |       ||    75
       Troll leather arm |       |       |       |     7 |     7 ||    14
Dodge: Dodged            |     6 |    14 |   126 |   124 |    13 ||   283
Block: Buckler           |       |       |       |       |     4 ||     4
       Rpst.: Scimitar   |       |       |       |    26 |     5 ||    31

Table legend: (Time is in decaauts)
 A = Elapsed time spent in this place.
 B = Non-inter-level travel time spent in this place.
 C = Inter-level travel time spent in this place.
 D = Time resting spent in this place.
 E = Time spent auto-exploring this place.
 F = Levels seen in this place.
 G = Mean time per level.
                   A        B        C        D        E       F      G
               +--------+--------+--------+--------+--------+-----+--------+
         Total |  14576 |  13837 |    739 |    818 |  10509 |  16 |  911.0 |
       Dungeon |  14069 |  13350 |    719 |    695 |  10365 |  14 | 1004.9 |
        Temple |    113 |     94 |     19 |      0 |     90 |   1 |  113.0 |
        Bailey |    392 |    392 |      0 |    123 |     54 |   1 |  392.0 |
               +--------+--------+--------+--------+--------+-----+--------+

Top non-repeatable levels by time:
     D:2: 1983 daAuts
     D:3: 1863 daAuts
     D:1: 1364 daAuts
    D:10: 1342 daAuts
     D:6: 1272 daAuts
     D:9: 1015 daAuts
     D:7: 986 daAuts
     D:8: 983 daAuts
     D:5: 889 daAuts
    D:11: 770 daAuts
    D:12: 674 daAuts
     D:4: 552 daAuts
  Bailey: 392 daAuts
    D:13: 212 daAuts
    D:15: 159 daAuts
